 Dungeon Crawl Stone Soup version 0.27-a0-1595-g0b823d0a13 (webtiles) character file.

Game seed: 7709152461986218616

3999 Froggeryz the Cleaver (level 10, 0/100 (105) HPs)
             Began as a Human Berserker on July 20, 2021.
             Was an Elder of Trog.
             Slain by a wight (1 damage)
             ... on level 8 of the Dungeon.
             The game lasted 00:14:09 (11276 turns).

Froggeryz the Cleaver (Human Berserker)            Turns: 11276, Time: 00:14:10

HP:   0/100 (105)   AC: 13    Str: 20    XL:     10   Next: 46%
MP:   10/10         EV: 12    Int:  8    God:    Trog [****..]
Gold: 1032          SH:  0    Dex: 13    Spells: 9/9 levels left

rFire    . . .     SeeInvis .   K - +3 hand axe
rCold    . . .     Faith    .   (no shield)
rNeg     . . .     Spirit   .   x - +2 leather armour {Will+}
rPois    .         Reflect  .   q - +1 helmet
rElec    .         Harm     .   (no cloak)
rCorr    .         Rampage  .   y - +0 pair of gloves
Will     +....                  (no boots)
Stlth    ..........             (no amulet)
HPRegen  0.26/turn              j - +4 ring of protection
MPRegen  0.12/turn              J - ring of flight

@: berserking, flying, lightly drained, very quick
A: no striking features
a: Renounce Religion, Berserk, Trog's Hand, Brothers in Arms


You were on level 8 of the Dungeon.
You worshipped Trog.
Trog was greatly pleased with you.
You visited 1 branch of the dungeon, and saw 9 of its levels.
You also visited: Bailey.

You collected 1156 gold pieces.
You spent 124 gold pieces at shops.

Inventory:

Hand Weapons
 a - a +0 broad axe
 o - a +1 dagger of venom
 z - a +0 war axe
 K - a +3 hand axe (weapon)
Missiles
 i - 2 curare-tipped darts
 n - 58 boomerangs
 r - 37 poisoned darts (quivered)
Armour
 p - a +2 leather armour of cold resistance
 q - a +1 helmet (worn)
 x - a +2 leather armour of willpower (worn)
 y - a +0 pair of gloves (worn)
 B - a +2 chain mail of positive energy
 L - the +3 leather armour "Ukhlujab" {rC+ Int+3}
   (You found it on level 9 of the Dungeon)

   Int:       It affects your intelligence (+3).
   rC:        It protects you from cold.
Jewellery
 j - a +4 ring of protection (left hand)
 l - a ring of fire
 D - a ring of willpower
 G - a ring of magical power
 J - a ring of flight (right hand)
Wands
 A - a wand of flame (9)
 C - a wand of charming (5)
Scrolls
 e - 2 scrolls of fog
 h - 4 scrolls of teleportation
 k - a scroll of fear
 m - a scroll of holy word
 s - 2 scrolls of amnesia {unknown}
 t - a scroll of vulnerability {unknown}
 u - 2 scrolls of noise {unknown}
 v - 2 scrolls of magic mapping
 w - 5 scrolls of identify
 H - a scroll of summoning {unknown}
 I - a scroll of enchant armour {unknown}
Potions
 b - 4 potions of curing
 c - 2 potions of heal wounds {unknown}
 d - 3 potions of haste {unknown}
 f - a potion of brilliance {unknown}
 g - 3 potions of mutation {unknown}
 E - a potion of resistance
 F - a potion of berserk rage {unknown}


   Skills:
 - Level 3.0 Fighting
 * Level 12.8 Axes
 - Level 7.0 Armour
 - Level 2.0 Dodging


You had 9 spell levels left.
You didn't know any spells.
Your spell library was empty.

Dungeon Overview and Level Annotations

Branches:
Dungeon (9/15)             Temple (0/1) D:6            Lair (0/6) D:8
 Bailey (visited)
    Orc: D:9-12

Altars:
Ashenzari
Fedhas
Ru
Vehumet
Xom
The Shining One

Shops:
D:1 *[***


Message History

You feel sick.
The wight hits you with a +4 short sword of freezing.
* * * LOW HITPOINT WARNING * * *
You feel drained.
* * * LOW HITPOINT WARNING * * *
The wight freezes you.
* * * LOW HITPOINT WARNING * * *
You fly upwards.
You feel sick.
There is a stone staircase leading down here.
Press: ? - help, v - describe, . - travel
Here: a wight, wielding a +4 short sword of freezing and wearing a +0 robe The floor.
Unknown command.
Unknown command.
A red film seems to cover your vision as you go berserk!
You feel yourself moving faster!
You feel mighty!
You feel sick.
You are no longer poisoned.
The wight hits you with a +4 short sword of freezing.
* * * LOW HITPOINT WARNING * * *
You feel drained.
* * * LOW HITPOINT WARNING * * *
The wight freezes you.
* * * LOW HITPOINT WARNING * * *
You hit the wight.
The wight is lightly damaged.
The wight hits you but does no damage.
You hit the wight.
The wight is heavily damaged.
You closely miss the wight.
The wight is heavily damaged.
The wight hits you with a +4 short sword of freezing.
* * * LOW HITPOINT WARNING * * *
The wight freezes you.
* * * LOW HITPOINT WARNING * * *
You closely miss the wight.
The wight is heavily damaged.
You barely miss the wight.
The wight is heavily damaged.
The wight hits you with a +4 short sword of freezing.
You die...

#......'............
#......######.......
#......# #.###### #......#
#.# # #......# #.# #
#..[...######'######
#......#...........#
#......#...........#
#.)@...+...........#
#..z...#...........'
###'####...........# #####.#
#...........#
#.....#########'######
#######'###.......# #..# #
#.................# ##.# #
#.................# #.# #
#.................####.#####


You could see a wight.

Vanquished Creatures
  2 orc knights (Bailey)
  Sigmund (D:2)
  A wyvern (D:9)
  A steam dragon (D:8)
  Menkaure (D:5)
  Duvessa (D:4)
  6 orc warriors
  An ice beast (D:6)
  A sky beast (D:5)
  2 black bears
  An ogre (D:5)
  2 centaurs
  2 bullfrogs (D:7)
  Dowan (D:4)
  A water moccasin skeleton (D:5)
  4 howler monkeys
  2 jellies
  4 hounds
  2 gnoll shamans
  2 orc priests
  2 centaur skeletons
  An iguana (D:5)
  Natasha (D:2)
  5 orc wizards
  A statue (D:5)
  A killer bee zombie (D:6)
  A howler monkey zombie (D:6)
  14 gnolls
  7 adders
  2 ufetubi
  2 worms (D:2)
  3 dart slugs
  27 orcs
  5 ball pythons (D:2)
  8 endoplasms
  A giant cockroach (D:2)
  8 hobgoblins
  19 jackals
  20 kobolds
  5 quokkas
  3 bats
  A frilled lizard (D:1)
  10 goblins
  3 rats
188 creatures vanquished.

Vanquished Creatures (others)
  An orc wizard (D:9)
  2 plants (D:8)
3 creatures vanquished.

Grand Total: 191 creatures vanquished

Notes
Turn   | Place    | Note
-------+----------+-------------------------------------------
     0 | D:1      | Froggeryz the Human Berserker began the quest for the Orb.
     0 | D:1      | Reached XP level 1. HP: 18/18 MP: 1/1
   194 | D:1      | Found Putea's Armour Emporium.
   318 | D:1      | Found Lithre Tubru's General Store.
   430 | D:1      | Found Hoig Zueca's Assorted Antiques.
   560 | D:1      | Found Lewne Bou's General Store.
   569 | D:1      | Reached XP level 2. HP: 20/24 MP: 2/2
   678 | D:1      | Found Gaduonix's General Store.
   883 | D:1      | Reached XP level 3. HP: 21/29 MP: 3/3
  1387 | D:1      | Bought a scroll labelled TOSIWE OFF for 22 gold pieces
  1387 | D:1      | Bought a scroll labelled YFRAOS ZAUGILA for 22 gold pieces
  1397 | D:2      | Noticed Sigmund
  1510 | D:2      | Reached skill level 4 in Axes
  1618 | D:2      | Found a blossoming altar of Fedhas.
  1820 | D:2      | Reached XP level 4. HP: 7/35 MP: 4/4
  1830 | D:2      | Reached ** piety under Trog
  2148 | D:2      | Killed Sigmund
  2149 | D:2      | Reached skill level 5 in Axes
  2149 | D:2      | Reached XP level 5. HP: 41/41 MP: 5/5
  2149 | D:2      | Reached XP level 6. HP: 47/47 MP: 6/6
  2291 | D:2      | Noticed Natasha
  2299 | D:2      | Killed Natasha
  3124 | D:3      | Found a faded altar of an unknown god.
  4387 | D:4      | Reached skill level 6 in Axes
  4489 | D:4      | Reached XP level 7. HP: 28/52 MP: 7/7
  4666 | D:4      | Noticed Dowan
  4667 | D:4      | Noticed Duvessa
  4682 | D:4      | Killed Duvessa
  4686 | D:4      | Killed Dowan
  4790 | D:4      | Reached skill level 7 in Axes
  4912 | D:4      | Found a sacrificial altar of Ru.
  4923 | D:4      | Reached skill level 5 in Armour
  5268 | D:1      | Bought a scroll labelled ZERUIFOMAV for 22 gold pieces
  5268 | D:1      | Bought 2 ruby potions for 39 gold pieces
  5268 | D:1      | Bought a ruby potion for 19 gold pieces
  5459 | D:5      | Entered Level 5 of the Dungeon
  5487 | D:5      | Reached XP level 8. HP: 53/58 MP: 8/8
  5547 | D:5      | Noticed Menkaure
  5557 | D:5      | Killed Menkaure
  5784 | D:5      | Reached skill level 8 in Axes
  6128 | D:5      | Reached *** piety under Trog
  6466 | D:5      | Found a shimmering altar of Xom.
  6467 | D:5      | Found a shimmering altar of Xom.
  6471 | D:5      | Found a shimmering altar of Xom.
  6631 | D:5      | Found a radiant altar of Vehumet.
  6650 | D:5      | Reached skill level 9 in Axes
  7092 | D:6      | Reached XP level 9. HP: 63/63 MP: 9/9
  7600 | D:6      | Found a staircase to the Ecumenical Temple.
  8149 | D:7      | Found a blossoming altar of Fedhas.
  8172 | D:7      | Reached **** piety under Trog
  8173 | D:7      | Reached skill level 10 in Axes
  8601 | D:7      | Found a glowing golden altar of the Shining One.
  9175 | D:8      | Found a staircase to the Lair.
  9743 | D:9      | Found a broken altar of Ashenzari.
 10021 | D:9      | Found a flagged portal.
 10087 | Bailey   | Entered a bailey
 10093 | Bailey   | Noticed an orc knight
 10128 | Bailey   | Noticed an orc knight
 10132 | Bailey   | Reached skill level 11 in Axes
 10381 | Bailey   | Reached XP level 10. HP: 40/70 MP: 10/10
 10697 | Bailey   | Killed an orc knight
 10698 | Bailey   | Reached skill level 12 in Axes
 10888 | Bailey   | Killed an orc knight
 11159 | D:9      | Identified the +3 leather armour "Ukhlujab" {rC+ Int+3}
 11271 | D:8      | HP: 4/100 [wight (3)]
 11274 | D:8      | HP: 1/100 [wight (1)]
 11276 | D:8      | Slain by a wight

Illustrated notes

Levels and vault maps discovered:
D:1:      matt_arrival_los_fun, layout_loops_corners, serial_shops,
          nicolae_shop_behind_doors, nicolae_shop_behind_doors,
          nicolae_square_shop, shop, shop
D:2:      layout_basic, basic_altar, kennysheep_generic_room_10, uniq_sigmund,
          uniq_natasha
D:3:      layout_basic, basic_ecumenical_altar, ebering_dispersal_statue_hall
D:4:      layout_loops_ring, nicolae_ru_awakened_eye, uniq_duvessa
D:5:      layout_loops_corners, vehumet_statue, xom_redecorated, uniq_menkaure
D:6:      layout_basic, minmay_temple_entry_mist, kennysheep_cross_bottleneck
D:7:      layout_loops_ring, tso_metal_star, fedhas_ov_isle_minmay
D:8:      layout_basic, dpeg_oklobed_lair
D:9:      layout_roguey, grunt_temple_overflow_diamond,
          ashenzari_conservatory_becter, grunt_dithmenos_smoke_and_mirrors,
          enter_bailey_7, minmay_tree_intersection,
          hangedman_decor_diamond_cutter, minmay_circle_x

Skill      XL: |  1  2  3  4  5  6  7  8  9 10 |
---------------+-------------------------------+-----
Axes           | 4 5 6 7 9 11 12 | 12.8
Armour         | 3 4 5 6 7 |  7.0
Fighting       | |  3.0
Dodging        | |  2.0

Action                   |  1- 3 |  4- 6 |  7- 9 | 10-12 || total
-------------------------+-------+-------+-------+-------++-------
Melee: Hand axe          |    88 |   103 |    54 |     5 ||   250
       Dagger            |       |    34 |   382 |    56 ||   472
Throw: Dart              |       |       |       |    63 ||    63
Invok: Berserk           |     2 |     3 |     8 |     1 ||    14
       Trog's Hand       |       |     1 |     2 |     2 ||     5
  Use: Scroll            |     2 |       |     3 |       ||     5
       Potion            |       |       |       |     1 ||     1
 Stab: Distracted        |     1 |       |       |       ||     1
       Sleeping          |     1 |       |       |       ||     1
Armor: Animal skin       |    17 |     9 |       |       ||    26
       Leather armour    |       |    18 |   212 |    27 ||   257
Dodge: Dodged            |    60 |    83 |   275 |    44 ||   462

Table legend: (Time is in decaauts)
 A = Elapsed time spent in this place.
 B = Non-inter-level travel time spent in this place.
 C = Inter-level travel time spent in this place.
 D = Time resting spent in this place.
 E = Time spent auto-exploring this place.
 F = Levels seen in this place.
 G = Mean time per level.
                   A        B        C        D        E       F      G
               +--------+--------+--------+--------+--------+-----+--------+
         Total |  11415 |  11096 |    319 |   1656 |   7423 |  10 | 1141.5 |
       Dungeon |  10369 |  10050 |    319 |   1405 |   7094 |   9 | 1152.1 |
        Bailey |   1046 |   1046 |      0 |    251 |    329 |   1 | 1046.0 |
               +--------+--------+--------+--------+--------+-----+--------+

Top non-repeatable levels by time:
     D:1: 1705 daAuts
     D:5: 1551 daAuts
     D:2: 1454 daAuts
     D:3: 1274 daAuts
     D:7: 1134 daAuts
     D:4: 1116 daAuts
  Bailey: 1046 daAuts
     D:6: 1011 daAuts
     D:8: 593 daAuts
     D:9: 529 daAuts
